AoeStats
← simirfan

Coastal Forest

513000668Analyzed
3v3 RM · 6d ago on Oct 11, 2026· 22m 50s· 6 players
Game mode
Random Map
Map size
Normal (6 player)
Population
200
Speed
Normal
Resources
Standard
Victory
Conquest
Starting age
Dark Age
Ending age
Imperial Age
RankedLock teamsTeams togetherTeam positionsShared explorationLock speedFull tech treeHidden civsTurbo modeCheats
Victory
Defeat
🇹🇷 Goths · Türkiye
1168
+13
🇹🇷 Cumans · Türkiye
1145
+14
🇹🇷 Italians · Türkiye
1141
+14
vs
1138
-15
🇹🇷 Burgundians · Türkiye
1123
-15
🇦🇷 Franks · Argentina
1027
-11
KaraTerzi9080
6:03 Loom
10:19 Feudal Age
10:09 Double-Bit Axe
13:24 Horse Collar
20:50 Castle Age
18:57 Gold Mining
20:26 Forging
20:54 Cavalier
22:35 Scale Barding Armor
Sir Ulrich von Lichtenstein
5:51 Loom
11:22 Feudal Age
12:20 Double-Bit Axe
15:15 Fletching
Surtido Bagley
1:33 Loom
10:46 Feudal Age
15:42 Castle Age
15:47 Town Watch
simirfan
0:26 Loom
12:49 Feudal Age
13:34 Double-Bit Axe
13:33 Man-at-Arms
16:27 Scale Mail Armor
19:24 Horse Collar
22:00 Stone Mining
22:01 Gold Mining
Geosim
1:56 Loom
11:16 Feudal Age
11:43 Double-Bit Axe
12:01 Fishing Lines
17:02 Castle Age
15:37 Fletching
15:48 Padded Archer Armor
17:23 Crossbowman
18:08 Thumb Ring
18:22 Bodkin Arrow
20:56 Leather Archer Armor
21:34 Bow Saw
22:03 Wheelbarrow
21:14 Town Watch
21:59 Horse Collar
M.S.
3:48 Loom
12:20 Feudal Age
12:55 Gold Mining
12:53 Double-Bit Axe
14:18 Horse Collar
22:09 Horse Collar
Connection lost

Rejoining the realm…

Still unreachable

The connection could not be restored.

Session expired

The server has moved on; the page needs a fresh start.